 Dungeon Crawl Stone Soup version 0.30-a0-782-ge64f9170bb (webtiles) character file.

Game seed: 3783493532445930803

695 funkygono the Covered (level 7, -5/44 HPs)
             Began as a Gargoyle Fighter on Mar 7, 2023.
             Slain by a gnoll bouda
             ... wielding a +0 club
              (11 damage)
             ... on level 4 of the Dungeon.
             The game lasted 00:05:32 (3216 turns).

funkygono the Covered (Gargoyle Fighter)            Turns: 3216, Time: 00:05:32

Health: -5/44      AC:  0    Str: 21    XL:     7   Next: 64%
Magic:  7/7        EV: 13    Int:  9    God:
Gold:   223        SH:  0    Dex:  9    Spells: 6/6 levels left

rFire   . . .      SeeInvis .    (weapon currently unavailable)
rCold   . . .      Faith    .    (shield currently unavailable)
rNeg    + . .      Spirit   .    (body armour currently unavailable)
rPois   ∞          Reflect  .    (helmet currently unavailable)
rElec   .          Harm     .    (cloak currently unavailable)
rCorr   .          Rampage  .    (gloves currently unavailable)
Will    .....                    (boots currently unavailable)
Stlth   +                        (no amulet)
HPRegen 0.27/turn                (ring currently unavailable)
MPRegen 0.10/turn                (ring currently unavailable)

@: pig-form (expiring), weakened, slowed
A: fast, no casting, sickness immunity, AC +4, small, negative energy resistance
1, (electricity resistance), torment resistance 1, petrification resistance
a: no special abilities


You were on level 4 of the Dungeon.
You were a filthy swine.
You visited 1 branch of the dungeon, and saw 4 of its levels.

You collected 223 gold pieces.

Inventory:

Hand Weapons
 a - a +0 flail
 e - a +1 whip of venom
 v - a +4 quarterstaff of chaos
 x - a +2 heavy hammer (melded)
Missiles
 j - 9 javelins
 t - 5 poisoned darts
Armour
 b - a +0 scale mail
 c - a +0 buckler (melded)
 n - a +2 scale mail of willpower
 p - the +5 ring mail "Zuoschyle" (melded) {rF+ Regen+ Str+4}
   (You found it on level 2 of the Dungeon)

   Str:       It affects your strength (+4).
   rF:        It protects you from fire.
   Regen:     It increases your rate of health regeneration.
 r - a +0 pair of gloves (melded)
 w - a +0 cloak (melded)
 A - a +0 chain mail
 B - a +0 pair of boots (melded)
Jewellery
 q - a +6 ring of dexterity (melded)
Scrolls
 f - 5 scrolls of identify {unknown}
 i - a scroll of torment {unknown}
 l - a scroll of blinking {unknown}
 m - 2 scrolls of teleportation {unknown}
 s - 2 scrolls of noise {unknown}
 y - a scroll of enchant armour {unknown}
Potions
 d - a potion of might
 g - 2 potions of lignification {unknown}
 h - a potion of heal wounds {unknown}
 k - a potion of ambrosia {unknown}
 o - a potion of haste
 u - 2 potions of attraction {unknown}
 z - a potion of curing {unknown}
 C - a potion of berserk rage {unknown}


   Skills:
 + Level 4.6 Fighting
 + Level 4.9 Maces & Flails
 + Level 5.8 Armour
 + Level 1.3 Dodging
 + Level 0.4 Stealth
 + Level 5.0 Shields


You had 6 spell levels left.
You didn't know any spells.
Your spell library contained the following spells:

 Spells                   Type           Power      Damage    Failure   Level
 Apportation              Tloc           0%         N/A       38%         1
 Necrotise                Necr           0%         1d4       38%         1
 Summon Small Mammal      Summ           0%         N/A       38%         1


Dungeon Overview and Level Annotations

Branches:
Dungeon (4/15)
 Temple: D:4-7

Altars:
Cheibriados
Kikubaaqudgha

Shops:
D:3 (

Annotations:
D:4 Duvessa, Natasha


Innate Abilities, Weirdness & Mutations

You are a filthy swine.
You move quickly.
Your equipment is almost entirely melded.
You are incapable of wielding weapons or throwing items.
You cannot cast spells.
You are immune to sickness and miasma.
((Your stone body is resilient. (AC +4)))
You are immune to poison.
You resist negative energy. (rN+)
((You are resistant to electric shocks. (rElec)))
You are resistant to unholy torment.
You are immune to petrification.


Message History

Your +0 buckler unmelds from your body.
The +5 ring mail "Zuoschyle" {rF+ Regen+ Str+4} unmelds from your body.
Your +6 ring of dexterity unmelds from your body.
You feel agile.
Natasha zaps a wand.
You turn into a filthy swine.
Your +2 heavy hammer melds into your body.
Your +0 cloak melds into your body.
Your +0 pair of gloves melds into your body.
Your +0 pair of boots melds into your body.
Your +0 buckler melds into your body.
The +5 ring mail "Zuoschyle" {rF+ Regen+ Str+4} melds into your body.
Your +6 ring of dexterity melds into your body.
You feel clumsy.
You hear a shout!
Natasha stares at you and mumbles some strange words.
You resist with some effort.
Natasha stares at you and mumbles some strange words.
You feel as though you will be slow longer.
You see here a hobgoblin corpse.
You hear a shout!
You hear a shout!
Natasha stares at you and mumbles some strange words.
The magic dart hits you.
* * * LOW HITPOINT WARNING * * *
Natasha is no longer moving quickly.
You hear a shout!
You hear a shout!
You hear a shout!
Your extra speed is starting to run out.
Your transformation is almost over.
You hear a shout!
You hear a shout!
You feel yourself slow down.
You hear a shout!
The gnoll bouda gazes fiercely through you!
You feel your attacks grow feeble.
The gnoll bouda hits you with a +0 club.
* * * LOW HITPOINT WARNING * * *
The gnoll bouda hits you with a +0 club!
You die...

...###.##.# ...# #.##.# ...#
#.##.# ...#
#.##h################## ...#
#.##.........h........#
######.##################.##
...))............<..# #.#
##.###.##.#.#####g#.# #.#
##..##)##.#.#...h.#.# #.#
...P~.)##.#.#.###.#.# #.#
P~~~P~.##.#.#.....#.# #.#
P~~P♣~P##.#.#...#.#.# #.#
~~♣♣♣~P##.#.#>....#.# #h#


PP♣ ♣~~~#.#.#.....#.# #.# ~~♣ ♣♣~.#.#.#h#...#.# #†# P♣♣♣♣♣~P#.#.#.##.##.# #.#
~~~♣~~~~P.#.#.......# #.# You could see a gnoll bouda.

Vanquished Creatures
  Sigmund (D:3)
  A black bear (D:4)
  A necrophage (D:4)
  A scorpion (D:4)
  Dowan (D:4)
  A hound (D:4)
  Crazy Yiuf (D:2)
  Jessica (D:2)
  Terence (D:2)
  Natasha (twice) (D:4)
  6 gnolls (D:4)
  4 worms
  4 orcs (D:4)
  A ball python (D:2)
  5 endoplasms
  5 goblins
  4 hobgoblins
  6 kobolds
  A quokka (D:1)
  3 bats
  3 frilled lizards
  3 rats (D:2)
56 creatures vanquished.

Vanquished Creatures (others)
  7 plants
7 creatures vanquished.

Grand Total: 63 creatures vanquished

Notes
Turn   | Place    | Note
-------+----------+-------------------------------------------
     0 | D:1      | funkygono the Gargoyle Fighter began the quest for the Orb.
     0 | D:1      | Reached XP level 1. HP: 14/14 MP: 1/1
   308 | D:1      | Reached XP level 2. HP: 19/19 MP: 2/2
   470 | D:1      | Found a faded altar of an unknown god.
  1000 | D:2      | Found a snail-covered altar of Cheibriados.
  1070 | D:2      | Identified the +5 ring mail "Zuoschyle" {rF+ Regen+ Str+4}
  1128 | D:2      | Noticed Terence
  1138 | D:2      | Killed Terence
  1139 | D:2      | Reached XP level 3. HP: 23/23 MP: 3/3
  1711 | D:2      | Noticed Jessica
  1717 | D:2      | Killed Jessica
  1718 | D:2      | Reached XP level 4. HP: 28/28 MP: 4/4
  1737 | D:2      | Found a runed translucent door.
  1738 | D:2      | Noticed Crazy Yiuf
  1773 | D:2      | Killed Crazy Yiuf
  2060 | D:3      | Found Fewong's Weapon Boutique.
  2072 | D:3      | Noticed Sigmund
  2078 | D:3      | Killed Sigmund
  2079 | D:3      | Reached skill level 5 in Armour
  2079 | D:3      | Reached skill level 1 in Dodging
  2079 | D:3      | Reached XP level 5. HP: 33/33 MP: 5/5
  2079 | D:3      | Reached XP level 6. HP: 38/38 MP: 6/6
  2316 | D:3      | Found an ancient bone altar of Kikubaaqudgha.
  2717 | D:4      | Noticed Natasha
  2722 | D:4      | Killed Natasha
  2899 | D:4      | Noticed a black bear
  2909 | D:4      | Killed a black bear
  2910 | D:4      | Reached XP level 7. HP: 44/44 MP: 7/7
  3104 | D:4      | Noticed Natasha
  3112 | D:4      | Killed Natasha
  3113 | D:4      | Reached skill level 5 in Shields
  3129 | D:4      | Noticed Dowan
  3130 | D:4      | Noticed Duvessa
  3135 | D:4      | Killed Dowan
  3139 | D:4      | Noticed Natasha
  3145 | D:4      | HP: 1/44 [Duvessa/+0 short sword (9)]
  3216 | D:4      | Slain by a gnoll bouda

Illustrated notes

Levels and vault maps discovered:
D:1:      dpeg_arrival_boxorama, layout_loops_ring, serial_forest,
          infiniplex_forest_pool, infiniplex_forest_straight_5,
          infiniplex_forest_corner_1, infiniplex_forest_lined_3,
          infiniplex_forest_clump_long, infiniplex_forest_lined_room_2,
          infiniplex_forest_lined_3_way, infiniplex_forest_lined_2,
          infiniplex_forest_clump_cross, infiniplex_forest_clump_curved,
          hellmonk_ecumenical_altar_leap_of_faith, st_stairs_1
D:2:      layout_loops_corners, basic_altar, uniq_crazy_yiuf_cottage,
          uniq_terence, uniq_jessica
D:3:      layout_loops_corners, kiku_gazebo_garden_becter, serial_glass,
          glass_columns_a, glass_columns_a, minmay_strange_pillars,
          feat_on_display, serial_shops, nicolae_square_shop,
          serial_bayou_pond_e, minivault_14, kennysheep_generic_room_8,
          uniq_sigmund
D:4:      layout_basic, mainiacjoe_overflow_catwalk,
          minmay_temple_entry_offerings, serial_shops, nicolae_lakefront_shop,
          ebering_dispersal_statue_hall, minmay_liquid_box, st_stairs_6,
          serial_bayou_pond_c, kennysheep_generic_room_6, uniq_duvessa,
          uniq_natasha

Skill      XL: |  1  2  3  4  5  6  7 |
---------------+----------------------+-----
Armour         | 4 5 |  5.8
Shields        | 4 5 |  5.0
Fighting       | 4 |  4.6
Maces & Flails | 3 4 |  4.9
Dodging        | 1 |  1.3
Stealth        | |  0.4

Action                     |  1- 3 |  4- 6 |  7- 9 || total
---------------------------+-------+-------+-------++-------
  Melee: Whip              |    74 |     4 |       ||    78
         Flail             |     3 |       |       ||     3
         Mace              |       |    47 |    35 ||    82
  Throw: Javelin           |     1 |       |     2 ||     3
    Use: Potion            |       |       |     1 ||     1
 Armour: Scale mail        |    17 |       |       ||    17
         Ring mail         |     9 |    29 |    31 ||    69
  Dodge: Dodged            |    19 |    27 |    37 ||    83
  Block: Buckler           |    14 |    16 |    15 ||    45

Table legend: (Time is in decaauts)
 A = Elapsed time spent in this place.
 B = Non-inter-level travel time spent in this place.
 C = Inter-level travel time spent in this place.
 D = Time resting spent in this place.
 E = Time spent auto-exploring this place.
 F = Levels seen in this place.
 G = Mean time per level.
                   A        B        C        D        E       F      G
               +--------+--------+--------+--------+--------+-----+--------+
         Total |   3281 |   3222 |     59 |      0 |   2543 |   4 |  820.2 |
       Dungeon |   3281 |   3222 |     59 |      0 |   2543 |   4 |  820.2 |
               +--------+--------+--------+--------+--------+-----+--------+

Top non-repeatable levels by time:
     D:2: 981 daAuts
     D:3: 919 daAuts
     D:1: 849 daAuts
     D:4: 530 daAuts
